Unix NetHack Version 5.0.0-0 post-release - last build Jun 10 2026 00:39:30 (3ee93aec679c4c4259841fe613dc97188e26a321,branch:main).

Game began 2026-06-18 21:47:11, ended 2026-06-19 02:12:36.

Daltwisney, chaotic female elven Wizard

                        #
     #   #          ----+-    -----                               ------
 ----+---+------    |....+####+>..|                               |....|
 |.............+### |....|    |...|  ###############             #.....|
 |.........{...|  ##|....|   #.....###    ---------.--      ######|....|
 |........)...)|   #--.---###)--.--#######+..........|    ###     --.---
 |........<.....##########################|..........|#####         ##
 -----.---------      #                  #+..........-#              #
     ##               #                   |..........|               #
     #                #                   |..........|               ###u
     #                #                   |..........|                  @
     #               ##                   ------------              ----@----
     #          -----.------                                        |...%...|
     #          |..........|                                        |..!!!..|
     #          |...........############                            |..!!!..|
  ---|--     ###...........|                                        |.!!!!!.|
  |...{|   ###  ------------                                        |.!!!!!.|
  |..>..####                                                        |!!!!!!.|
  |....|                                                            ---------
  -+----
   #
Daltwisney the Conjurer   St:10 Dx:12 Co:11 In:19 Wi:12 Ch:14  Chaotic
Dlvl:4  $:0  HP:0(40) Pw:36(47) AC:6  Xp:5 T:1775  Burdened

Latest messages:
 This door is locked.
 In what direction? 6
 The door unlocks!
 The door resists!
 The door opens.
 Wizard needs food, badly!
 Are you sure you want to pray? [yn] (n) y
 You begin praying to Anhur.
 You are surrounded by a shimmering light.
 You finish your prayer.
 You feel that Anhur is well-pleased.
 Your stomach feels content.
 You swap places with your little dog.
 You see here a food ration.
 You have a little trouble lifting Z - a food ration.
 You swap places with your little dog.
 You swap places with your little dog.
 Something is written here in the dust.
 You read: "Closed for inventory".
 The large mimic hits!
 In what direction? 2
 The large mimic doesn't budge.
 You miss the large mimic.
 The large mimic hits!
 In what direction? 2
 The spell hits the large mimic!
 The door crashes open!
 The spell hits the goblin!
 You kill the goblin!
 You hear an angry voice:
 "Out of my way, scum!"
 Syktywkar vanishes and reappears next to you.
 "How dare you destroy my door?"
 Syktywkar zaps an oak wand!
 Boing!
 The wand hits the little dog!
 The little dog is killed!
 Syktywkar hits!
 Syktywkar hits again!
 Syktywkar is after your hide, not your gold!
 Besides, you don't have enough to interest her.
 Syktywkar hits!
 Syktywkar hits again!
 You die...
 Syktywkar takes all your possessions.
 Do you want to see what you had when you died? [ynq] (y) y
 Do you want to see your attributes? [ynq] (y) y
 Do you want an account of creatures vanquished? [ynaq] (y) n
 Do you want to see your conduct and achievements? [ynq] (y) n
 Do you want to see the dungeon overview? [ynq] (y) n

Inventory:
 Amulets  ('"')
  v - an uncursed amulet versus poison (being worn)
 Weapons  (')')
  a - a blessed +2 quarterstaff (weapon in hands)
 Armor    ('[')
  X - an uncursed +0 pair of elven boots (being worn)
  M - a blessed +0 shield of reflection
  b - a blessed +2 cloak of magic resistance (being worn)
 Comestibles  ('%')
  Z - an uncursed food ration
 Scrolls  ('?')
  Y - an uncursed scroll of confuse monster
  A - a cursed scroll of confuse monster
  Q - an uncursed scroll of create monster
  x - an uncursed scroll of food detection
  J - a blessed scroll of remove curse
  i - a blessed scroll of stinking cloud
  E - 2 uncursed scrolls of teleportation
 Spellbooks  ('+')
  m - an uncursed spellbook of cure sickness
  G - an uncursed spellbook of identify
  s - an uncursed spellbook of knock
 Potions  ('!')
  T - a blessed potion of blindness
  H - an uncursed potion of blindness
  h - 2 uncursed potions of fruit juice
  O - an uncursed potion of gain energy
  z - an uncursed potion of healing
  g - 2 uncursed potions of levitation
  B - an uncursed potion of object detection
  y - an uncursed potion of water
 Rings    ('=')
  d - an uncursed ring of protection from shape changers (on right hand)
  e - an uncursed ring of searching (on left hand)
 Wands    ('/')
  S - a wand of cancellation (0:6)
  c - a wand of cold (0:1)
  L - a wand of magic missile (0:5)
  R - a wand of teleportation (0:5)
 Tools    ('(')
  o - an uncursed leather drum
  n - a magic marker (0:22)
 Gems/Stones  ('*')
  q - 2 uncursed worthless pieces of green glass
  U - an uncursed worthless piece of yellowish brown glass

Daltwisney the Wizard's attributes:

Background:
 You were a Conjurer, a level 5 female elven Wizard.
 You were chaotic, on a mission for Anhur
 who was opposed by Ptah (lawful) and Thoth (neutral).
 You were left-handed.
 You were in the Dungeons of Doom, on level 4.
 You entered the dungeon 1775 turns ago.
 It was nighttime.
 You had 316 experience points, 4 more were needed to attain level 6.

Basics:
 You had 0 out of 40 hit points.
 You had 36 out of 47 energy points (spell power).
 Your armor class was 6.
 Your wallet was empty.
 Autopickup was off.

Final Characteristics:
 Your strength was 10 (limit:18).
 Your dexterity was 12 (limit:18).
 Your constitution was 11 (limit:16).
 Your intelligence was 19 (limit:20).
 Your wisdom was 12 (limit:20).
 Your charisma was 14 (limit:18).

Final Status:
 You weren't hungry.
 You were burdened; movement was slightly slowed.
 You were wielding a quarterstaff.
 You had basic skill with quarterstaff.

Final Attributes:
 You were devoutly aligned.
 You were magic-protected.
 You were sleep resistant.
 You were poison resistant.
 You had automatic searching.
 You had infravision.
 You were stealthy.
 You were warded.
 You were protected from shape changers.
 You are dead.

Miscellaneous:
 You didn't encounter any bones levels.
 Total elapsed playing time was 1 hour, 13 minutes and 46 seconds.

Major events:
 Turn
    1: Daltwisney the chaotic female elven Wizard entered the dungeon
   86: attained the rank of Conjurer (level 3)
 1775: killed by Ms. Syktywkar; the shopkeeper

Spells:
 Name                 Level Category     Fail Retention
 force bolt             1   attack         0%  91%-100%
 cure sickness          3   healing       72%  76%-100%
 knock                  1   matter         0%  76%-100%
 identify               3   divination    72%  76%-100%

Skills:
 Fighting Skills
   bare handed combat [Unskilled]
   riding             [Unskilled]
 Weapon Skills
   dagger             [Unskilled]
   knife              [Unskilled]
   axe                [Unskilled]
   short sword        [Unskilled]
   club               [Unskilled]
   mace               [Unskilled]
   quarterstaff       [Basic]
   polearms           [Unskilled]
   spear              [Unskilled]
   trident            [Unskilled]
   sling              [Unskilled]
   dart               [Unskilled]
   shuriken           [Unskilled]
 Spellcasting Skills
   attack spells      [Basic]
   healing spells     [Unskilled]
   divination spells  [Unskilled]
   enchantment spells [Basic]
   clerical spells    [Unskilled]
   escape spells      [Unskilled]
   matter spells      [Unskilled]

Voluntary challenges:
 Character rerolling was not enabled.
 You never genocided any monsters.
 You never polymorphed an object.
 You never changed form.
 You used no wishes.
Achievements:
 You attained the rank of Conjurer.
 You entered a shop.

 The Dungeons of Doom: levels 1 to 4
    Level 1:
    Level 2:
       A general store.
    Level 3:
       A general store.
    Level 4: <- You were here.
       A potion shop, some fountains.
       Final resting place for
          you, killed by Ms. Syktywkar; the shopkeeper.


Vanquished creatures:
  a large mimic
  5 small mimics
  a little dog
  a kobold leader
  a hill orc
  a centipede
  3 wererats
  a werejackal
 an iguana
 an acid blob
  a coyote
  a gas spore
  3 cave spiders
  2 gnomes
  a gecko
  3 jackals
  2 goblins
  5 grid bugs
  2 lichens
  3 newts
39 creatures vanquished.

No species were genocided or became extinct.

Game over:
                       ----------
                      /          \
                     /    REST    \
                    /      IN      \
                   /     PEACE      \
                  /                  \
                  |    Daltwisney    |
                  |       0 Au       |
                  |  killed by Ms.   |
                  |  Syktywkar; the  |
                  |    shopkeeper    |
                  |                  |
                  |       2026       |
                 *|     *  *  *      | *
        _________)/\\_//(\/(/\)/\//\/|_)_______

Goodbye Daltwisney the Wizard...

You died in The Dungeons of Doom on dungeon level 4 with 1540 points,
and 0 pieces of gold, after 1775 moves.
You were level 5 with a maximum of 40 hit points when you died.

